Unix NetHack Version 5.0.0-0 post-release - last build Jul 19 2026 19:10:59 (3aa4ab31751d3886436d94b585a96704892fd477,branch:main).

Game began 2026-07-17 18:29:46, ended 2026-07-20 16:07:55.

Koku, neutral female gnomish Wizard

                                                   G

                                           ...
                                          .....
                                          ..*)...
                                            - d...
                                            |@%...
                                            --.)..
                                             |.f<|
                                               .--

Koku the Conjurer         St:8 Dx:14 Co:18 In:19 Wi:9 Ch:12  Neutral
Dlvl:4  $:27 HP:0(29) Pw:13(37) AC:9  Xp:3 T:905  Burdened

Latest messages:
 You miss Langmuir's ghost.
 You miss Langmuir's ghost.
 You miss Langmuir's ghost.
 Langmuir's ghost touches you!
 You miss Langmuir's ghost.
 You miss Langmuir's ghost.
 The dwarf zombie hits!
 Tulip bites the dwarf zombie.
 The dwarf zombie hits!
 Tulip bites the dwarf zombie.
 The dwarf zombie misses Tulip.
 Langmuir's ghost touches you!
 Tulip misses the dwarf zombie.
 In what direction? 9
 The spell misses the dwarf zombie.
 Tulip misses the dwarf zombie.
 Langmuir's ghost touches you!
 Tulip misses the dwarf zombie.
 Tulip bites the dwarf zombie.
 The dwarf zombie is destroyed!
 Tulip misses it.
 You miss Langmuir's ghost.
 Tulip bites the dwarf zombie.
 The dwarf zombie hits Tulip.
 In what direction? 9
 The spell hits the dwarf zombie.
 Tulip bites the dwarf zombie.
 The dwarf zombie is destroyed!
 Langmuir's ghost touches you!
 You already found a monster.  Use 'm' prefix to force another search.
 You miss Langmuir's ghost.
 Langmuir's ghost touches you!
 Where do you want to travel to?
 (For instructions type a '?')
 You are already here.
 In what direction? 8
 The spell misses Langmuir's ghost.
 The spell misses the little dog.
 The little dog bites!
 In what direction? 9
 The spell misses the little dog.
 The little dog bites!
 Langmuir's ghost touches you!
 The little dog bites!
 You die...
 Do you want your possessions identified? [ynq] (y) y
 Do you want to see your attributes? [ynq] (y) y
 Do you want an account of creatures vanquished? [ynaq] (y) y
 Do you want to see your conduct and achievements? [ynq] (y) y
 Do you want to see the dungeon overview? [ynq] (y) y

Inventory:
 Coins    ('$')
  $ - 27 gold pieces
 Weapons  (')')
  p - a +0 crossbow
  q - a blessed +0 orcish dagger
  r - a +0 mace
  a - a blessed +1 quarterstaff (weapon in hands)
 Armor    ('[')
  b - an uncursed +0 cloak of magic resistance (being worn)
  t - an uncursed +0 banded mail
 Comestibles  ('%')
  g - 2 uncursed food rations
  v - an uncursed lembas wafer
 Scrolls  ('?')
  j - an uncursed scroll of punishment
  i - 3 uncursed scrolls of scare monster
  k - an uncursed scroll of teleportation
 Spellbooks  ('+')
  m - an uncursed spellbook of detect food
  l - a blessed spellbook of force bolt
 Potions  ('!')
  f - a blessed potion of levitation
 Rings    ('=')
  e - an uncursed ring of fire resistance (on right hand)
  d - an uncursed ring of warning (on left hand)
 Wands    ('/')
  c - a wand of speed monster (0:6)
 Tools    ('(')
  s - an uncursed leather drum
  n - a magic marker (0:21)
  u - an uncursed saddle
 Gems/Stones  ('*')
  o - a cursed worthless piece of violet glass
  h - an uncursed worthless piece of yellowish brown glass

Koku the Wizard's attributes:

Background:
 You were a Conjurer, a level 3 female gnomish Wizard.
 You were neutral, on a mission for Thoth
 who was opposed by Ptah (lawful) and Anhur (chaotic).
 You were right-handed.
 You were in the Gnomish Mines, on level 4.
 You entered the dungeon 905 turns ago.
 You had 74 experience points, 6 more were needed to attain level 4.

Basics:
 You had 0 out of 29 hit points.
 You had 13 out of 37 energy points (spell power).
 Your armor class was 9.
 Your wallet contained 27 zorkmids.
 Autopickup was off.

Final Characteristics:
 Your strength was 8 (limit:18/50).
 Your dexterity was 14 (limit:18).
 Your constitution was 18 (limit:18).
 Your intelligence was 19 (limit:19).
 Your wisdom was 9 (limit:18).
 Your charisma was 12 (limit:18).

Final Status:
 You weren't hungry.
 You were burdened; movement was slightly slowed.
 You were wielding a quarterstaff.
 You had basic skill with quarterstaff.

Final Attributes:
 You were fervently aligned.
 You were magic-protected.
 You were fire resistant.
 Your items were protected from fire.
 You were warned.
 You had infravision.
 You were warded.
 You are dead.

Miscellaneous:
 You encountered 1 bones level.
 Total elapsed playing time was 19 minutes and 13 seconds.

Major events:
 Turn
    1: Koku the neutral female gnomish Wizard entered the dungeon
  504: attained the rank of Conjurer (level 3)
  798: entered the Gnomish Mines
  905: killed by a little dog

Spells:
 Name                 Level Category     Fail Retention
 force bolt             1   attack         0%  91%-100%
 detect food            2   divination    35%  76%-100%

Skills:
 Fighting Skills
   bare handed combat [Unskilled]
   riding             [Unskilled]
 Weapon Skills
   dagger             [Unskilled]
   knife              [Unskilled]
   axe                [Unskilled]
   short sword        [Unskilled]
   club               [Unskilled]
   mace               [Unskilled]
   quarterstaff       [Basic]
   polearms           [Unskilled]
   spear              [Unskilled]
   trident            [Unskilled]
   sling              [Unskilled]
   dart               [Unskilled]
   shuriken           [Unskilled]
 Spellcasting Skills
   attack spells      [Basic]
   healing spells     [Unskilled]
   divination spells  [Unskilled]
   enchantment spells [Basic]
   clerical spells    [Unskilled]
   escape spells      [Unskilled]
   matter spells      [Unskilled]

Voluntary challenges:
 Character rerolling was not enabled.
 You were an atheist.
 You never genocided any monsters.
 You never polymorphed an object.
 You never changed form.
 You used no wishes.
Achievements:
 You attained the rank of Conjurer.
 You entered the Gnomish Mines.

 The Dungeons of Doom: levels 1 to 3
    Level 1:
       A fountain.
    Level 2:
       A fountain.
    Level 3:
       Some fountains.
       Stairs down to The Gnomish Mines.
 The Gnomish Mines:
    Level 4: <- You were here.
       A grave.
       Final resting place for
          you, killed by a little dog,
          Langmuir-Kni-Hum-Mal-Law, killed by a gnome lord.


Vanquished creatures:
  a pony
  a gnome leader
  a floating eye
  a dwarf
  a homunculus
  2 dwarf zombies
  a green mold
  a gnome
  4 geckos
  4 jackals
  a goblin
  4 grid bugs
  2 lichens
  a newt
25 creatures vanquished.

No species were genocided or became extinct.

Game over:
                       ----------
                      /          \
                     /    REST    \
                    /      IN      \
                   /     PEACE      \
                  /                  \
                  |       Koku       |
                  |      27 Au       |
                  |   killed by a    |
                  |    little dog    |
                  |                  |
                  |                  |
                  |       2026       |
                 *|     *  *  *      | *
        _________)/\\_//(\/(/\)/\//\/|_)_______

Goodbye Koku the Wizard...

You died in The Gnomish Mines on dungeon level 4 with 401 points,
and 27 pieces of gold, after 905 moves.
You were level 3 with a maximum of 29 hit points when you died.

